 Dungeon Crawl Stone Soup version 0.27.1-34-g3ba077fa99 (webtiles) character file.

Game seed: 11612456402310129073

931 Edwards80 the Cleaver (level 7, -12/58 HPs)
             Began as a Minotaur Fighter on Jan 16, 2022.
             Mangled by a red devil (14 damage)
             ... summoned by a kobold demonologist
             ... on level 5 of the Dungeon.
             The game lasted 00:09:52 (4063 turns).

Edwards80 the Cleaver (Minotaur Fighter)            Turns: 4063, Time: 00:09:54

Health: -12/58     AC:  9    Str: 23    XL:     7   Next: 86%
Magic:  6/6        EV:  5    Int:  5    God:
Gold:   66         SH:  9    Dex:  9    Spells: 6/6 levels left

rFire    . . .     SeeInvis .   a - +0 war axe
rCold    . . .     Faith    .   c - +0 kite shield
rNeg     . . .     Spirit   .   m - +0 chain mail
rPois    .         Reflect  .   (helmet restricted)
rElec    .         Harm     .   (no cloak)
rCorr    .         Rampage  .   (no gloves)
Will     .....                  (no boots)
Stlth    ..........             (no amulet)
HPRegen  0.19/turn              (no ring)
MPRegen  0.10/turn              (no ring)

@: mighty
A: horns 2, retaliatory headbutt
a: no special abilities


You were on level 5 of the Dungeon.
You visited 1 branch of the dungeon, and saw 5 of its levels.

You collected 66 gold pieces.

Inventory:

Hand Weapons
 a - a +0 war axe (weapon)
 o - a +3 spectral club
Missiles
 e - a throwing net (quivered)
Armour
 c - a +0 kite shield (worn)
 m - a +0 chain mail (worn)
Scrolls
 b - a scroll of enchant weapon {unknown}
 g - 2 scrolls of amnesia {unknown}
 h - 2 scrolls of teleportation {unknown}
 i - a scroll of acquirement {unknown}
 j - 2 scrolls of noise {unknown}
 l - a scroll of fog {unknown}
 q - a scroll of magic mapping {unknown}
 r - a scroll of blinking {unknown}
Potions
 d - a potion of might
 k - 4 potions of heal wounds
 n - 2 potions of attraction
 p - a potion of ambrosia {unknown}
 s - 2 potions of curing


   Skills:
 - Level 3.6 Fighting
 + Level 10.9 Axes
 - Level 3.6 Armour
 - Level 3.6 Shields


You had 6 spell levels left.
You didn't know any spells.
Your spell library contained the following spells:

 Spells                   Type           Power      Damage    Failure   Level
 Ignite Poison            Fire/Tmut/Pois 0%         N/A       100%        3
 Mephitic Cloud           Conj/Pois/Air  0%         N/A       100%        3
 Bolt of Magma            Conj/Fire/Erth 0%         4d4       100%        5
 Iskenderun's Battlesphe  Conj           0%         2d6       100%        5
 Iron Shot                Conj/Erth      0%         9d1       100%        6
 Spellforged Servitor     Conj/Summ      0%         N/A       100%        7


Dungeon Overview and Level Annotations

Branches:
Dungeon (5/15)
 Temple: D:4-7

Altars:


Innate Abilities, Weirdness & Mutations

You have a pair of horns on your head.
You reflexively headbutt those who attack you in melee.


Message History

You closely miss the kobold demonologist.
The kobold demonologist is lightly wounded.
You closely miss the ynoxinul. You miss the red devil.
The kobold demonologist looks braver for a moment.
The ynoxinul gestures.
The red devil hits you with a +0 trident.
The kobold demonologist gestures wildly while chanting.
You feel very mighty all of a sudden.
The kobold demonologist casts a cantrip, but nothing happens.
The ynoxinul gestures.
The red devil hits you with a +0 trident.
You closely miss the kobold demonologist.
Your headbutt misses the kobold demonologist.
The kobold demonologist is lightly wounded.
You barely miss the ynoxinul. You miss the red devil.
The kobold demonologist hits you but does no damage.
The ynoxinul hits you.
The red devil hits you with a +0 trident.
You closely miss the kobold demonologist.
Your headbutt misses the kobold demonologist.
The kobold demonologist is lightly wounded.
You closely miss the ynoxinul. You barely miss the red devil.
The kobold demonologist barely misses you.
The ynoxinul hits you but does no damage.
The red devil hits you with a +0 trident.
You slash the kobold demonologist!
The kobold demonologist is moderately wounded.
You hit the ynoxinul. You slash the red devil!
The kobold demonologist casts a cantrip, but nothing happens.
The ynoxinul gestures.
The red devil hits you with a +0 trident!
* * * LOW HITPOINT WARNING * * *
You block the kobold demonologist's attack.
You slice the kobold demonologist!!
The kobold demonologist is almost dead.
You completely miss the red devil. You barely miss the ynoxinul.
The ynoxinul hits you!
* * * LOW HITPOINT WARNING * * *
The red devil hits you with a +0 trident!
You die...

###.#
##.#.#
##....###
#.....<.+
###....###
#55..#.#
#5#.##.#
####3#.##.#
#KK@4#....#
#K#######.#
#..K.# ...
####K# ...
.# KK .#.
#K.# K .


You could see 2 kobold demonologists, a ynoxinul (summoned), a red devil
(summoned), a kobold brigand and 3 ufetubi.

Vanquished Creatures
  A kobold demonologist (D:5)
  A black bear (D:4)
  4 wights (D:4)
  A howler monkey (D:4)
  A jelly (D:5)
  Terence (D:3)
  2 orc wizards (D:3)
  Natasha (thrice) (D:3)
  A hound skeleton (D:4)
  Robin (D:3)
  6 adders
  A howler monkey skeleton (D:2)
  An ufetubus (D:4)
  2 worms
  A dart slug (D:1)
  5 orcs
  5 ball pythons
  3 endoplasms
  12 hobgoblins
  2 jackals (D:3)
  4 quokkas
  5 bats
  2 frilled lizards (D:1)
  12 goblins
  3 kobolds
  26 rats
106 creatures vanquished.

Notes
Turn   | Place    | Note
-------+----------+-------------------------------------------
     0 | D:1      | Edwards80 the Minotaur Fighter began the quest for the Orb.
     0 | D:1      | Reached XP level 1. HP: 19/19 MP: 0/0
   234 | D:1      | Reached skill level 3 in Axes
   354 | D:1      | Reached XP level 2. HP: 27/27 MP: 1/1
   651 | D:1      | Found a faded altar of an unknown god.
   849 | D:2      | Reached skill level 4 in Axes
   883 | D:2      | Reached XP level 3. HP: 33/33 MP: 2/2
  1215 | D:2      | Reached skill level 5 in Axes
  1332 | D:2      | Reached XP level 4. HP: 40/40 MP: 3/3
  1737 | D:3      | Noticed Natasha
  1745 | D:3      | Killed Natasha
  1746 | D:3      | Reached skill level 6 in Axes
  1795 | D:3      | Noticed Terence
  1812 | D:3      | Killed Terence
  1813 | D:3      | Reached XP level 5. HP: 46/46 MP: 4/4
  1821 | D:3      | Reached skill level 7 in Axes
  1839 | D:3      | Noticed Natasha
  1845 | D:3      | Killed Natasha
  2064 | D:3      | Noticed Robin
  2080 | D:3      | Killed Robin
  2091 | D:3      | Reached XP level 6. HP: 39/52 MP: 5/5
  2201 | D:3      | Noticed Natasha
  2213 | D:3      | Killed Natasha
  2865 | D:4      | Reached skill level 8 in Axes
  3136 | D:4      | Reached skill level 9 in Axes
  3142 | D:4      | Reached XP level 7. HP: 15/58 MP: 6/6
  4000 | D:5      | Entered Level 5 of the Dungeon
  4028 | D:5      | Noticed a kobold demonologist
  4028 | D:5      | Noticed a kobold demonologist
  4029 | D:5      | Noticed a kobold demonologist
  4053 | D:5      | Killed a kobold demonologist
  4054 | D:5      | Reached skill level 10 in Axes
  4056 | D:5      | Noticed a ynoxinul
  4057 | D:5      | Noticed a red devil
  4063 | D:5      | HP: 2/58 [ynoxinul[a kobold demonologist] (9)]
  4063 | D:5      | Mangled by a red devil

Illustrated notes

Levels and vault maps discovered:
D:1:      scummos_arrival_hexagon, layout_loops_ring,
          dreamdust_ecumenical_altar_angels_and_demons,
          minmay_misc_feat_four_crosses
D:2:      layout_basic, chequers_serial_rivers_small_b
D:3:      layout_basic, minmay_rat_hole, uniq_terence, uniq_natasha, uniq_robin
D:4:      layout_loops_ring, enter_ossuary_1
D:5:      layout_loops_corners, minmay_between

Skill      XL: |  1  2  3  4  5  6  7 |
---------------+----------------------+-----
Axes           | 3 4 5 6 7 9 10 | 10.9
Fighting       | |  3.6
Armour         | |  3.6
Shields        | |  3.6

Action                   |  1- 3 |  4- 6 |  7- 9 || total
-------------------------+-------+-------+-------++-------
Melee: War axe           |    70 |   154 |    57 ||   281
       Headbutt          |     7 |    26 |     4 ||    37
  Use: Scroll            |       |     4 |     1 ||     5
       Potion            |       |     1 |     1 ||     2
Armor: Scale mail        |    25 |       |       ||    25
       Chain mail        |     2 |    81 |    18 ||   101
Dodge: Dodged            |    24 |    36 |     9 ||    69
Block: Kite shield       |    40 |    90 |    26 ||   156
